Capitals vs Blues
Created - January 26, 2024 at 23:33
Goals
|
| Capitals |
0 |
1 |
1 |
2 |
| Blues |
1 |
2 |
1 |
4 |
|
Shots
|
| Capitals |
18 |
8 |
12 |
38 |
| Blues |
10 |
20 |
7 |
37 |
|
1st period
1. Blues , Cody Ceci 4 (Seth Jones 30, Marko Dano 17) at 8:05
Penalties :
Devin Shore (Stl) for Holding Stick (Minor) at 11:43, Patrick Kane (Was) for Hooking (Minor) at 15:36, Cody Franson (Stl) for Kneeing (Minor) at 19:47
2nd period
2. Blues , Devin Shore 9 (David Perron 10) at 4:50
3. Blues , Will Butcher 5 (David Perron 11, Nick Schmaltz 9) at 7:14
4. Capitals , Nicklas Backstrom 11 (Taylor Hall 35) at 13:53
Penalties :
Brandon Gormley (Was) for High sticking (Minor) at 9:12
3rd period
5. Blues , Cody Ceci 5 (Filip Forsberg 25, Nikolaj Ehlers 11) at 3:00
6. Capitals , Bobby Ryan 16 (Blake Pietila 16, Brandon Gormley 18) at 12:07 (PP)
Penalties :
Nikolaj Ehlers (Stl) for High sticking (Minor) at 11:34
Goalie Stats
Chet Pickard (Was), 33 saves from 37 shots - (0.892), L, 2-4-0, 60:00 minutes
Carey Price (Stl), 36 saves from 38 shots - (0.947), W, 19-8-1, 60:00 minutes
Players Stats for Capitals
Player Name G A P +/- PIM S H SB GA TA FO MP PP MP PK MP
------------------------------------------------------------------------------------
Alexei Marchenko 0 0 0 0 0 2 2 2 0 1 0/0 18:35 0:59 1:58
Blake Pietila 0 1 1 -3 0 4 3 0 2 0 1/3 20:58 2:32 1:29
Bobby Ryan 1 0 1 -3 0 3 2 0 1 1 0/0 19:29 2:32 0:00
Brandon Burlon 0 0 0 0 0 0 0 2 0 0 0/0 18:04 0:59 1:12
Brandon Gormley 0 1 1 -2 2 2 0 2 1 1 0/0 27:06 3:32 0:46
Cody Hodgson 0 0 0 -3 0 2 2 0 1 0 5/11 20:45 2:32 1:12
Jeff Skinner 0 0 0 0 0 3 2 0 0 0 0/0 6:57 0:05 0:39
Joe Colborne 0 0 0 0 0 1 0 0 0 0 7/7 11:08 0:05 0:53
Jujhar Khaira 0 0 0 0 0 2 0 0 0 0 0/1 11:03 0:00 0:53
Martin Marincin 0 0 0 -1 0 0 0 3 0 0 0/0 14:51 0:00 2:00
Mike Green 0 0 0 -2 0 2 2 3 1 0 0/0 28:25 3:32 2:00
Nicklas Backstrom 1 0 1 0 0 5 1 0 0 0 19/40 20:05 1:54 0:00
Patrick Kane 0 0 0 0 2 4 1 0 2 0 1/4 21:10 1:59 0:57
Phil Kessel 0 0 0 0 0 2 0 0 0 0 0/0 6:09 0:00 0:00
Sergey Kalinin 0 0 0 0 0 0 0 0 0 0 1/2 8:02 0:00 1:53
Shea Theodore 0 0 0 -1 0 1 1 2 1 0 0/0 13:02 0:00 0:00
Steve Downie 0 0 0 0 0 0 0 0 0 0 0/0 10:06 0:00 0:00
Taylor Hall 0 1 1 0 0 5 0 1 0 0 2/3 20:05 1:54 0:00
Players Stats for Blues
Player Name G A P +/- PIM S H SB GA TA FO MP PP MP PK MP
------------------------------------------------------------------------------------
Adam Henrique 0 0 0 1 0 3 0 0 0 0 10/16 16:33 1:52 0:21
Brandon Montour 0 0 0 1 0 0 2 0 1 0 0/0 18:25 1:37 1:15
Cody Ceci 2 0 2 3 0 3 1 2 1 1 0/0 23:03 0:00 3:16
Cody Franson 0 0 0 -1 2 0 0 0 0 0 0/0 17:07 0:00 1:58
David Perron 0 2 2 2 0 2 1 0 0 0 1/2 10:58 0:00 0:29
Devin Shore 1 0 1 2 2 4 0 0 0 0 3/7 11:04 0:00 0:38
Drew Shore 0 0 0 0 0 1 2 1 0 2 1/6 9:27 0:00 2:45
Filip Forsberg 0 1 1 0 0 8 2 1 0 0 0/2 22:59 2:06 0:47
Luke Glendening 0 0 0 0 0 0 1 0 0 0 0/0 7:59 0:00 1:17
Marko Dano 0 1 1 1 0 2 2 1 0 0 0/0 16:12 1:52 0:00
Nathan MacKinnon 0 0 0 0 0 1 3 0 0 1 18/34 22:06 2:06 0:00
Nick Schmaltz 0 1 1 2 0 3 0 0 0 0 0/0 10:26 0:03 0:00
Nikolaj Ehlers 0 1 1 0 2 3 1 0 1 0 1/2 21:57 1:52 0:00
Samuel Morin 0 0 0 0 0 0 1 0 0 0 0/0 9:27 0:00 2:45
Seth Jones 0 1 1 3 0 4 1 0 0 2 0/0 27:38 2:21 1:15
Travis Sanheim 0 0 0 -1 0 1 1 0 0 2 0/0 15:49 1:37 0:02
Will Butcher 1 0 1 1 0 1 2 0 0 1 0/0 17:59 2:21 1:16
William Nylander 0 0 0 1 0 1 2 0 0 0 1/2 16:17 2:03 0:00
3 Stars
1 - Cody Ceci (Stl)
2 - Carey Price (Stl)
3 - David Perron (Stl)
Power Play
Capitals - 1 on 3 Attempt(s) - 33.33%
Blues - 0 on 2 Attempt(s) - 0.00%
Penalty Kill
Capitals - 2 on 2 Attempt(s) - 100.00%
- Score 0 goal in Penalty Kill
Blues - 2 on 3 Attempt(s) - 66.67%
- Score 0 goal in Penalty Kill
Team Stat
Capitals - Hits : 16 - Faceoff Wins : 36 - Blocked Shots : 15 - Penalty Minutes : 4
Blues - Hits : 22 - Faceoff Wins : 35 - Blocked Shots : 5 - Penalty Minutes : 6
Official
Referees : Chris Rooney and Kelly Sutherland
Linesman : Ryan Daisy and Ryan Gibbons
Game Notes
No Game Note
Finance
Level 1 -- Attendance: 6000 (100.00%) -- Ticket Income $600,000
Level 2 -- Attendance: 5000 (100.00%) -- Ticket Income $300,000
Level 3 -- Attendance: 2000 (100.00%) -- Ticket Income $70,000
Level 4 -- Attendance: 3768 (94.20%) -- Ticket Income $94,200
Luxury Box -- Attendance: 986 (98.60%) -- Ticket Income $197,200
Game was played at the Enterprise Center.
Total Attendance: 17754 (98.63%)
Total Ticket Income: $1,261,400
Other Income: $189,210
Total Income: $1,450,610
Capitals
5 vs 5 Forward
Center Left Wing Right Wing Time % Phy DF OF
1 Nicklas Backstrom Taylor Hall Patrick Kane 40 0 1 4
2 Cody Hodgson Blake Pietila Bobby Ryan 30 0 1 4
3 Joe Colborne Jujhar Khaira Steve Downie 20 0 2 3
4 Sergey Kalinin Jeff Skinner Phil Kessel 10 0 2 3
5 vs 5 Defense
Defense Defense Time % Phy DF OF
1 Brandon Gormley Mike Green 40 0 2 3
2 Alexei Marchenko Brandon Burlon 30 0 3 2
3 Shea Theodore Martin Marincin 20 0 3 2
4 Brandon Gormley Mike Green 10 0 3 2
PowerPlay Forward
Center Left Wing Right Wing Time % Phy DF OF
1 Nicklas Backstrom Taylor Hall Patrick Kane 60 0 0 5
2 Cody Hodgson Blake Pietila Bobby Ryan 40 0 0 5
PowerPlay Defense
Defense Defense Time % Phy DF OF
1 Brandon Gormley Mike Green 60 0 2 3
2 Alexei Marchenko Brandon Burlon 40 0 2 3
Penalty Kill 4 Players Forward
Center Wing Time % Phy DF OF
1 Sergey Kalinin Patrick Kane 60 0 3 2
2 Joe Colborne Jujhar Khaira 40 0 3 2
Penalty Kill 4 Players Defense
Defense Defense Time % Phy DF OF
1 Martin Marincin Mike Green 60 0 4 1
2 Alexei Marchenko Brandon Gormley 40 0 4 1
Penalty Kill - 3 Players Forward
Forward Time % Phy DF OF
1 Taylor Hall 60 0 5 0
2 Patrick Kane 40 0 5 0
Penalty Kill - 3 Players Defense
Defense Defense Time % Phy DF OF
1 Martin Marincin Mike Green 60 0 5 0
2 Brandon Gormley Alexei Marchenko 40 0 5 0
4 vs 4 Forward
Center Wing Time % Phy DF OF
1 Taylor Hall Patrick Kane 60 0 1 4
2 Nicklas Backstrom Bobby Ryan 40 0 1 4
4 vs 4 Defense
Defense Defense Time % Phy DF OF
1 Brandon Gormley Mike Green 60 0 2 3
2 Alexei Marchenko Brandon Burlon 40 0 3 2
Last Minutes Offensive
Center Left Wing Right Wing Defense Defense
Nicklas Backstrom Taylor Hall Patrick Kane Shea Theodore Mike Green
Last Minutes Defensive
Center Left Wing Right Wing Defense Defense
Nicklas Backstrom Taylor Hall Patrick Kane Martin Marincin Mike Green
Goaltenders
Starting : Chet Pickard
Backup : Cory Schneider
Extra Forwards
Normal : Patrick Kane, Taylor Hall, Nicklas Backstrom - PP : Patrick Kane, Taylor Hall - PK : Patrick Kane
Extra Defensemen
Normal : Mike Green, Brandon Gormley, Alexei Marchenko - PP : Mike Green - PK : Mike Green, Martin Marincin
Penalty Shots
Taylor Hall, Patrick Kane, Nicklas Backstrom, Bobby Ryan, Cody Hodgson
Custom OT Lines Forwards
Taylor Hall, Patrick Kane, Nicklas Backstrom, Bobby Ryan, Cody Hodgson, Blake Pietila, Jujhar Khaira, Steve Downie, Jeff Skinner, Phil Kessel
Custom OT Lines Defensemen
Brandon Gormley, Mike Green, Alexei Marchenko, Brandon Burlon, Shea Theodore
Scratches
None
Blues
5 vs 5 Forward
Center Left Wing Right Wing Time % Phy DF OF
1 Nathan MacKinnon Filip Forsberg Nikolaj Ehlers 40 0 2 3
2 Adam Henrique Marko Dano William Nylander 30 0 2 3
3 Devin Shore David Perron Nick Schmaltz 20 1 2 2
4 Drew Shore Samuel Morin Luke Glendening 10 0 3 2
5 vs 5 Defense
Defense Defense Time % Phy DF OF
1 Seth Jones Cody Ceci 40 1 2 2
2 Will Butcher Brandon Montour 30 1 2 2
3 Cody Franson Travis Sanheim 20 1 2 2
4 Cody Franson Seth Jones 10 1 2 2
PowerPlay Forward
Center Left Wing Right Wing Time % Phy DF OF
1 Nathan MacKinnon Filip Forsberg William Nylander 60 0 2 3
2 Adam Henrique Marko Dano Nikolaj Ehlers 40 0 2 3
PowerPlay Defense
Defense Defense Time % Phy DF OF
1 Will Butcher Seth Jones 60 0 2 3
2 Brandon Montour Travis Sanheim 40 0 2 3
Penalty Kill 4 Players Forward
Center Wing Time % Phy DF OF
1 Drew Shore Samuel Morin 60 1 3 1
2 Devin Shore Luke Glendening 40 1 3 1
Penalty Kill 4 Players Defense
Defense Defense Time % Phy DF OF
1 Cody Ceci Cody Franson 60 1 2 2
2 Seth Jones Brandon Montour 40 1 2 2
Penalty Kill - 3 Players Forward
Forward Time % Phy DF OF
1 Drew Shore 60 1 2 2
2 Devin Shore 40 1 2 2
Penalty Kill - 3 Players Defense
Defense Defense Time % Phy DF OF
1 Cody Franson Cody Ceci 60 1 2 2
2 Seth Jones Brandon Montour 40 1 2 2
4 vs 4 Forward
Center Wing Time % Phy DF OF
1 Adam Henrique Filip Forsberg 60 1 2 2
2 Nathan MacKinnon David Perron 40 1 2 2
4 vs 4 Defense
Defense Defense Time % Phy DF OF
1 Will Butcher Brandon Montour 60 1 2 2
2 Cody Ceci Seth Jones 40 1 2 2
Last Minutes Offensive
Center Left Wing Right Wing Defense Defense
Nathan MacKinnon Filip Forsberg Nikolaj Ehlers Will Butcher Seth Jones
Last Minutes Defensive
Center Left Wing Right Wing Defense Defense
Drew Shore Samuel Morin Luke Glendening Cody Franson Cody Ceci
Goaltenders
Starting : Carey Price
Backup : Maxime Daigneault
Extra Forwards
Normal : Nikolaj Ehlers, Samuel Morin, Drew Shore - PP : Marko Dano, William Nylander - PK : Filip Forsberg
Extra Defensemen
Normal : Cody Ceci, Travis Sanheim, Will Butcher - PP : Cody Ceci - PK : Will Butcher, Travis Sanheim
Penalty Shots
David Perron, Marko Dano, Filip Forsberg, Devin Shore, William Nylander
Custom OT Lines Forwards
Filip Forsberg, Nathan MacKinnon, Adam Henrique, Marko Dano, David Perron, Devin Shore, Drew Shore, Nikolaj Ehlers, William Nylander, Nick Schmaltz
Custom OT Lines Defensemen
Seth Jones, Will Butcher, Brandon Montour, Travis Sanheim, Cody Ceci
Scratches
Morgan Rielly (Healthy)
% Time on Ice - Capitals
Lines # - Real PCT - Wanted PCT - Time Play
Normal Forward
1 - 35% - 40% - 18:15
2 - 33% - 30% - 17:01
3 - 20% - 20% - 10:06
4 - 12% - 10% - 6:09
Normal Defense
1 - 41% - 40% - 20:53
2 - 30% - 30% - 15:36
3 - 25% - 20% - 13:02
4 - 4% - 10% - 2:00
PP Forward
1 - 44% - 60% - 1:59
2 - 56% - 40% - 2:32
PP Defense
1 - 78% - 60% - 3:32
2 - 22% - 40% - 0:59
PK Forward
1 - 83% - 60% - 3:18
2 - 17% - 40% - 0:40
PK Defense
1 - 50% - 60% - 2:00
2 - 50% - 40% - 1:58
PK3 Forward
1 - 0% - 60%
2 - 0% - 40%
PK3 Defense
1 - 0% - 60%
2 - 0% - 40%
44 Forward
1 - 0% - 60%
2 - 0% - 40%
44 Defense
1 - 0% - 60%
2 - 0% - 40%
Last Minute Offensive - 0:00
Last Minute Defensive - 0:00
Total
Forward - 60:00
Defense - 60:00
|
% Time on Ice - Blues
Lines # - Real PCT - Wanted PCT - Time Play
Normal Forward
1 - 39% - 40% - 20:06
2 - 28% - 30% - 14:20
3 - 20% - 20% - 10:23
4 - 13% - 10% - 6:42
Normal Defense
1 - 40% - 40% - 20:50
2 - 30% - 30% - 15:33
3 - 23% - 20% - 11:58
4 - 6% - 10% - 3:10
PP Forward
1 - 53% - 60% - 2:06
2 - 47% - 40% - 1:52
PP Defense
1 - 59% - 60% - 2:21
2 - 41% - 40% - 1:37
PK Forward
1 - 72% - 60% - 3:14
2 - 28% - 40% - 1:17
PK Defense
1 - 72% - 60% - 3:16
2 - 28% - 40% - 1:15
PK3 Forward
1 - 0% - 60%
2 - 0% - 40%
PK3 Defense
1 - 0% - 60%
2 - 0% - 40%
44 Forward
1 - 0% - 60%
2 - 0% - 40%
44 Defense
1 - 0% - 60%
2 - 0% - 40%
Last Minute Offensive - 0:00
Last Minute Defensive - 0:00
Total
Forward - 60:00
Defense - 60:00
|
Play-by-Play
1st period
0:01 of 1st period - Nathan MacKinnon wins face-off versus Nicklas Backstrom in neutral zone.
0:04 of 1st period - Snap shot by Filip Forsberg.
0:04 of 1st period - Stopped by Chet Pickard with a rebound.
0:06 of 1st period - Wrist shot by Nathan MacKinnon.
0:06 of 1st period - Stopped by Chet Pickard with a rebound.
0:08 of 1st period - Slapshot by Seth Jones.
0:08 of 1st period - Stopped by Chet Pickard with a rebound.
2:03 of 1st period - Wrist shot by Blake Pietila.
2:03 of 1st period - Stopped by Carey Price without a rebound.
2:04 of 1st period - Nathan MacKinnon wins face-off versus Nicklas Backstrom in Blues zone.
2:09 of 1st period - Wrist shot by Filip Forsberg.
2:09 of 1st period - Stopped by Chet Pickard without a rebound.
2:10 of 1st period - Nicklas Backstrom wins face-off versus Nathan MacKinnon in Capitals zone.
2:16 of 1st period - Off-side.
2:17 of 1st period - Joe Colborne wins face-off versus David Perron in neutral zone.
2:42 of 1st period - Alexei Marchenko is hit by Filip Forsberg and loses puck.
2:53 of 1st period - Wrist shot by Blake Pietila.
2:53 of 1st period - Shot Misses the Net.
3:10 of 1st period - Drew Shore is hit by Shea Theodore and loses puck.
3:37 of 1st period - Snap shot by Taylor Hall.
3:37 of 1st period - Stopped by Carey Price without a rebound.
3:38 of 1st period - Nicklas Backstrom wins face-off versus Nathan MacKinnon in Blues zone.
3:49 of 1st period - Snap shot by Taylor Hall.
3:49 of 1st period - Shot Misses the Net.
4:25 of 1st period - Steve Downie is hit by Seth Jones and loses puck.
4:48 of 1st period - Snap shot by Joe Colborne.
4:48 of 1st period - Stopped by Carey Price without a rebound.
4:49 of 1st period - Nathan MacKinnon wins face-off versus Patrick Kane in Blues zone.
5:28 of 1st period - Wrist shot by Filip Forsberg.
5:28 of 1st period - Stopped by Chet Pickard with a rebound.
5:54 of 1st period - Wrist shot by Devin Shore.
5:54 of 1st period - Stopped by Chet Pickard with a rebound.
6:16 of 1st period - Snap shot by Samuel Morin.
6:16 of 1st period - Deflect By Drew Shore.
6:16 of 1st period - Stopped by Chet Pickard without a rebound.
6:17 of 1st period - Adam Henrique wins face-off versus Cody Hodgson in Capitals zone.
6:52 of 1st period - Wrist shot by David Perron.
6:52 of 1st period - Stopped by Chet Pickard with a rebound.
6:54 of 1st period - Slapshot by David Perron.
6:54 of 1st period - Shot Blocked by Taylor Hall.
7:24 of 1st period - Wrist shot by Jeff Skinner.
7:24 of 1st period - Stopped by Carey Price without a rebound.
7:25 of 1st period - Drew Shore wins face-off versus Sergey Kalinin in Blues zone.
7:31 of 1st period - Off-side.
7:32 of 1st period - Nathan MacKinnon wins face-off versus Nicklas Backstrom in neutral zone.
7:35 of 1st period - Nicklas Backstrom is hit by Filip Forsberg and loses puck.
8:03 of 1st period - Slapshot by Seth Jones.
8:03 of 1st period - Shot Blocked by Brandon Burlon.
8:05 of 1st period - Slapshot by Cody Ceci.
8:05 of 1st period - Goal by Cody Ceci - Capitals : 0 - Blues : 1.
8:06 of 1st period - Adam Henrique wins face-off versus Nicklas Backstrom in neutral zone.
9:31 of 1st period - Snap shot by Taylor Hall.
9:31 of 1st period - Stopped by Carey Price without a rebound.
9:32 of 1st period - Nathan MacKinnon wins face-off versus Cody Hodgson in Blues zone.
9:41 of 1st period - Snap shot by Filip Forsberg.
9:41 of 1st period - Stopped by Chet Pickard without a rebound.
9:42 of 1st period - Nathan MacKinnon wins face-off versus Cody Hodgson in Capitals zone.
9:45 of 1st period - Wrist shot by Filip Forsberg.
9:45 of 1st period - Shot Misses the Net.
10:43 of 1st period - Cody Hodgson is hit by Will Butcher.
11:14 of 1st period - Wrist shot by Blake Pietila.
11:14 of 1st period - Stopped by Carey Price without a rebound.
11:15 of 1st period - Joe Colborne wins face-off versus Adam Henrique in Blues zone.
11:20 of 1st period - Wrist shot by Jujhar Khaira.
11:20 of 1st period - Stopped by Carey Price without a rebound.
11:21 of 1st period - Joe Colborne wins face-off versus Adam Henrique in Blues zone.
11:24 of 1st period - Snap shot by Jujhar Khaira.
11:24 of 1st period - Shot Misses the Net.
11:26 of 1st period - Slapshot by Mike Green.
11:26 of 1st period - Shot Blocked by Cody Ceci.
11:28 of 1st period - Snap shot by Steve Downie.
11:28 of 1st period - Shot Misses the Net.
11:30 of 1st period - Slapshot by Brandon Gormley.
11:30 of 1st period - Deflect By Cody Ceci.
11:30 of 1st period - Stopped by Carey Price with a rebound.
11:32 of 1st period - Snap shot by Steve Downie.
11:32 of 1st period - Deflect By Jujhar Khaira.
11:32 of 1st period - Shot Misses the Net.
11:32 of 1st period - Puck is out of play.
11:33 of 1st period - Nicklas Backstrom wins face-off versus Devin Shore in Blues zone.
11:36 of 1st period - Wrist shot by Taylor Hall.
11:36 of 1st period - Stopped by Carey Price without a rebound.
11:37 of 1st period - Nicklas Backstrom wins face-off versus Devin Shore in Blues zone.
11:40 of 1st period - Snap shot by Taylor Hall.
11:40 of 1st period - Deflect By Cody Ceci.
11:40 of 1st period - Stopped by Carey Price without a rebound.
11:41 of 1st period - Devin Shore wins face-off versus Nicklas Backstrom in Blues zone.
11:43 of 1st period - Minor Penalty to Devin Shore for Holding Stick.
11:44 of 1st period - Nicklas Backstrom wins face-off versus Drew Shore in Blues zone.
11:59 of 1st period - Slapshot by Nicklas Backstrom.
11:59 of 1st period - Stopped by Carey Price with a rebound.
12:17 of 1st period - Cody Franson is hit by Blake Pietila.
12:21 of 1st period - Bobby Ryan is hit by Drew Shore and loses puck.
13:43 of 1st period - Penalty to Devin Shore is over, Devin Shore is back on ice.
14:12 of 1st period - Slapshot by Jeff Skinner.
14:12 of 1st period - Stopped by Carey Price with a rebound.
14:36 of 1st period - Sergey Kalinin is hit by Cody Ceci and loses puck.
14:59 of 1st period - Taylor Hall is hit by Samuel Morin and loses puck.
15:30 of 1st period - Slapshot by Seth Jones.
15:30 of 1st period - Shot Blocked by Alexei Marchenko.
15:32 of 1st period - Slapshot by Travis Sanheim.
15:32 of 1st period - Deflect By David Perron.
15:32 of 1st period - Shot Misses the Net.
15:32 of 1st period - Puck is out of play.
15:33 of 1st period - Nicklas Backstrom wins face-off versus Adam Henrique in Capitals zone.
15:33 of 1st period - Nicklas Backstrom is hit by Marko Dano.
15:36 of 1st period - Minor Penalty to Patrick Kane for Hooking.
15:37 of 1st period - Sergey Kalinin wins face-off versus Nathan MacKinnon in Capitals zone.
16:56 of 1st period - William Nylander is hit by Jeff Skinner and loses puck.
17:36 of 1st period - Penalty to Patrick Kane is over, Patrick Kane is back on ice.
17:51 of 1st period - Slapshot by Taylor Hall.
17:51 of 1st period - Deflect By Patrick Kane.
17:51 of 1st period - Stopped by Carey Price without a rebound.
17:52 of 1st period - Devin Shore wins face-off versus Nicklas Backstrom in Blues zone.
18:01 of 1st period - Slapshot by Devin Shore.
18:01 of 1st period - Shot Misses the Net.
18:03 of 1st period - Wrist shot by Devin Shore.
18:03 of 1st period - Shot Misses the Net.
18:05 of 1st period - Slapshot by Devin Shore.
18:05 of 1st period - Deflect By Nicklas Backstrom.
18:05 of 1st period - Shot Blocked by Shea Theodore.
18:05 of 1st period - Puck is out of play.
18:06 of 1st period - Nicklas Backstrom wins face-off versus Nathan MacKinnon in Capitals zone.
18:21 of 1st period - Wrist shot by Nicklas Backstrom.
18:21 of 1st period - Shot Blocked by Cody Ceci.
18:35 of 1st period - Snap shot by Blake Pietila.
18:35 of 1st period - Stopped by Carey Price without a rebound.
18:36 of 1st period - Cody Hodgson wins face-off versus William Nylander in Blues zone.
18:53 of 1st period - Wrist shot by Bobby Ryan.
18:53 of 1st period - Shot Misses the Net.
18:55 of 1st period - Snap shot by Alexei Marchenko.
18:55 of 1st period - Stopped by Carey Price with a rebound.
18:57 of 1st period - Slapshot by Alexei Marchenko.
18:57 of 1st period - Deflect By Marko Dano.
18:57 of 1st period - Stopped by Carey Price without a rebound.
18:58 of 1st period - Nicklas Backstrom wins face-off versus Nathan MacKinnon in Blues zone.
19:04 of 1st period - Off-side.
19:05 of 1st period - Nathan MacKinnon wins face-off versus Taylor Hall in neutral zone.
19:28 of 1st period - Wrist shot by Taylor Hall.
19:28 of 1st period - Stopped by Carey Price with a rebound.
19:30 of 1st period - Backhand shot by Brandon Gormley.
19:30 of 1st period - Stopped by Carey Price without a rebound.
19:31 of 1st period - Joe Colborne wins face-off versus Adam Henrique in Blues zone.
19:47 of 1st period - Minor Penalty to Cody Franson for Kneeing.
19:48 of 1st period - Patrick Kane wins face-off versus Drew Shore in Blues zone.
Goals for this period are 0 for Capitals vs 1 for Blues.
Shots for this period are 18 for Capitals vs 10 for Blues.
2nd period
0:01 of 2nd period - Nicklas Backstrom wins face-off versus Drew Shore in neutral zone.
0:57 of 2nd period - Samuel Morin is hit by Bobby Ryan and loses puck.
1:44 of 2nd period - Snap shot by Blake Pietila.
1:44 of 2nd period - Deflect By Bobby Ryan.
1:44 of 2nd period - Shot Misses the Net.
1:44 of 2nd period - Puck is out of play.
1:45 of 2nd period - Nicklas Backstrom wins face-off versus Filip Forsberg in Blues zone.
1:47 of 2nd period - Penalty to Cody Franson is over, Cody Franson is back on ice.
1:48 of 2nd period - Wrist shot by Patrick Kane.
1:48 of 2nd period - Stopped by Carey Price without a rebound.
1:49 of 2nd period - Nathan MacKinnon wins face-off versus Nicklas Backstrom in Blues zone.
1:58 of 2nd period - Wrist shot by Taylor Hall.
1:58 of 2nd period - Shot Misses the Net.
3:32 of 2nd period - Snap shot by Nathan MacKinnon.
3:32 of 2nd period - Shot Blocked by Shea Theodore.
3:34 of 2nd period - Slapshot by Seth Jones.
3:34 of 2nd period - Stopped by Chet Pickard with a rebound.
3:36 of 2nd period - Wrist shot by Filip Forsberg.
3:36 of 2nd period - Stopped by Chet Pickard without a rebound.
3:37 of 2nd period - Adam Henrique wins face-off versus Nicklas Backstrom in Capitals zone.
3:42 of 2nd period - Snap shot by Marko Dano.
3:42 of 2nd period - Shot Misses the Net.
3:44 of 2nd period - Wrist shot by William Nylander.
3:44 of 2nd period - Stopped by Chet Pickard without a rebound.
3:45 of 2nd period - Nicklas Backstrom wins face-off versus Adam Henrique in Capitals zone.
3:45 of 2nd period - Nicklas Backstrom is hit by Brandon Montour.
3:57 of 2nd period - Will Butcher is hit by Nicklas Backstrom and loses puck.
4:09 of 2nd period - Off-side.
4:10 of 2nd period - Nathan MacKinnon wins face-off versus Cody Hodgson in neutral zone.
4:13 of 2nd period - Slapshot by Seth Jones.
4:13 of 2nd period - Stopped by Chet Pickard without a rebound.
4:14 of 2nd period - Cody Hodgson wins face-off versus Nathan MacKinnon in Capitals zone.
4:50 of 2nd period - Wrist shot by David Perron.
4:50 of 2nd period - Deflect By Devin Shore.
4:50 of 2nd period - Goal by Devin Shore - Capitals : 0 - Blues : 2.
4:51 of 2nd period - Nicklas Backstrom wins face-off versus Nathan MacKinnon in neutral zone.
5:23 of 2nd period - Brandon Burlon is hit by William Nylander and loses puck.
5:30 of 2nd period - Slapshot by William Nylander.
5:30 of 2nd period - Shot Misses the Net.
5:32 of 2nd period - Snap shot by Marko Dano.
5:32 of 2nd period - Stopped by Chet Pickard with a rebound.
5:53 of 2nd period - Icing by Will Butcher.
5:54 of 2nd period - Nicklas Backstrom wins face-off versus Devin Shore in Blues zone.
6:11 of 2nd period - Wrist shot by Nick Schmaltz.
6:11 of 2nd period - Shot Misses the Net.
6:13 of 2nd period - Snap shot by Nick Schmaltz.
6:13 of 2nd period - Stopped by Chet Pickard with a rebound.
6:15 of 2nd period - Slapshot by Devin Shore.
6:15 of 2nd period - Stopped by Chet Pickard with a rebound.
6:17 of 2nd period - Snap shot by Devin Shore.
6:17 of 2nd period - Stopped by Chet Pickard with a rebound.
6:40 of 2nd period - Slapshot by Nick Schmaltz.
6:40 of 2nd period - Stopped by Chet Pickard with a rebound.
7:12 of 2nd period - Snap shot by David Perron.
7:12 of 2nd period - Stopped by Chet Pickard with a rebound.
7:14 of 2nd period - Slapshot by Will Butcher.
7:14 of 2nd period - Deflect By Brandon Gormley.
7:14 of 2nd period - Goal by Will Butcher - Capitals : 0 - Blues : 3.
7:15 of 2nd period - Nathan MacKinnon wins face-off versus Cody Hodgson in neutral zone.
7:22 of 2nd period - Off-side.
7:23 of 2nd period - Cody Hodgson wins face-off versus Nathan MacKinnon in neutral zone.
8:10 of 2nd period - Backhand shot by Nathan MacKinnon.
8:10 of 2nd period - Shot Misses the Net.
8:12 of 2nd period - Wrist shot by Filip Forsberg.
8:12 of 2nd period - Stopped by Chet Pickard with a rebound.
8:14 of 2nd period - Slapshot by Seth Jones.
8:14 of 2nd period - Shot Misses the Net.
8:26 of 2nd period - Snap shot by Nikolaj Ehlers.
8:26 of 2nd period - Stopped by Chet Pickard with a rebound.
8:28 of 2nd period - Snap shot by Filip Forsberg.
8:28 of 2nd period - Shot Misses the Net.
8:30 of 2nd period - Wrist shot by Nathan MacKinnon.
8:30 of 2nd period - Shot Blocked by Martin Marincin.
8:32 of 2nd period - Wrist shot by Filip Forsberg.
8:32 of 2nd period - Stopped by Chet Pickard with a rebound.
8:34 of 2nd period - Slapshot by Cody Ceci.
8:34 of 2nd period - Deflect By Nikolaj Ehlers.
8:34 of 2nd period - Shot Blocked by Martin Marincin.
8:34 of 2nd period - Puck is out of play.
8:35 of 2nd period - William Nylander wins face-off versus Patrick Kane in Capitals zone.
8:42 of 2nd period - Snap shot by Adam Henrique.
8:42 of 2nd period - Stopped by Chet Pickard with a rebound.
8:48 of 2nd period - Wrist shot by Marko Dano.
8:48 of 2nd period - Stopped by Chet Pickard without a rebound.
8:49 of 2nd period - Adam Henrique wins face-off versus Nicklas Backstrom in Capitals zone.
9:02 of 2nd period - Slapshot by Adam Henrique.
9:02 of 2nd period - Shot Misses the Net.
9:04 of 2nd period - Snap shot by Cody Franson.
9:04 of 2nd period - Shot Blocked by Mike Green.
9:12 of 2nd period - Minor Penalty to Brandon Gormley for High sticking.
9:13 of 2nd period - Nathan MacKinnon wins face-off versus Patrick Kane in Capitals zone.
11:12 of 2nd period - Penalty to Brandon Gormley is over, Brandon Gormley is back on ice.
12:32 of 2nd period - Icing by Cody Ceci.
12:33 of 2nd period - Cody Hodgson wins face-off versus Drew Shore in Blues zone.
12:42 of 2nd period - Wrist shot by Cody Hodgson.
12:42 of 2nd period - Stopped by Carey Price without a rebound.
12:43 of 2nd period - Nathan MacKinnon wins face-off versus Cody Hodgson in Blues zone.
13:12 of 2nd period - Snap shot by Nick Schmaltz.
13:12 of 2nd period - Shot Blocked by Mike Green.
13:34 of 2nd period - Patrick Kane is hit by William Nylander and loses puck.
13:41 of 2nd period - Backhand shot by Mike Green.
13:41 of 2nd period - Stopped by Carey Price without a rebound.
13:42 of 2nd period - Nathan MacKinnon wins face-off versus Nicklas Backstrom in Blues zone.
13:53 of 2nd period - Snap shot by Nicklas Backstrom.
13:53 of 2nd period - Goal by Nicklas Backstrom - Capitals : 1 - Blues : 3.
13:54 of 2nd period - Nathan MacKinnon wins face-off versus Nicklas Backstrom in neutral zone.
14:02 of 2nd period - Snap shot by Nikolaj Ehlers.
14:02 of 2nd period - Stopped by Chet Pickard with a rebound.
14:04 of 2nd period - Slapshot by Cody Ceci.
14:04 of 2nd period - Stopped by Chet Pickard without a rebound.
14:05 of 2nd period - Nicklas Backstrom wins face-off versus Adam Henrique in Capitals zone.
14:16 of 2nd period - Adam Henrique is hit by Mike Green and loses puck.
14:21 of 2nd period - Snap shot by Patrick Kane.
14:21 of 2nd period - Deflect By Nicklas Backstrom.
14:21 of 2nd period - Stopped by Carey Price with a rebound.
14:31 of 2nd period - Joe Colborne is hit by Nathan MacKinnon and loses puck.
15:00 of 2nd period - Snap shot by Cody Hodgson.
15:00 of 2nd period - Stopped by Carey Price with a rebound.
15:02 of 2nd period - Slapshot by Shea Theodore.
15:02 of 2nd period - Deflect By Travis Sanheim.
15:02 of 2nd period - Stopped by Carey Price without a rebound.
15:03 of 2nd period - Adam Henrique wins face-off versus Nicklas Backstrom in Blues zone.
15:12 of 2nd period - Cody Franson is hit by Patrick Kane and loses puck.
15:30 of 2nd period - Cody Franson is hit by Cody Hodgson and loses puck.
16:11 of 2nd period - Slapshot by Adam Henrique.
16:11 of 2nd period - Deflect By William Nylander.
16:11 of 2nd period - Shot Misses the Net.
16:11 of 2nd period - Puck is out of play.
16:12 of 2nd period - Nathan MacKinnon wins face-off versus Nicklas Backstrom in Capitals zone.
16:43 of 2nd period - Snap shot by Bobby Ryan.
16:43 of 2nd period - Stopped by Carey Price without a rebound.
16:44 of 2nd period - David Perron wins face-off versus Blake Pietila in Blues zone.
17:12 of 2nd period - Wrist shot by David Perron.
17:12 of 2nd period - Shot Misses the Net.
17:14 of 2nd period - Slapshot by Seth Jones.
17:14 of 2nd period - Deflect By Blake Pietila.
17:14 of 2nd period - Stopped by Chet Pickard without a rebound.
17:15 of 2nd period - Nathan MacKinnon wins face-off versus Nicklas Backstrom in Capitals zone.
18:31 of 2nd period - Off-side.
18:32 of 2nd period - Nathan MacKinnon wins face-off versus Nicklas Backstrom in neutral zone.
19:33 of 2nd period - Cody Hodgson is hit by Luke Glendening and loses puck.
19:40 of 2nd period - Luke Glendening is hit by Blake Pietila and loses puck.
Goals for this period are 1 for Capitals vs 2 for Blues.
Shots for this period are 8 for Capitals vs 20 for Blues.
3rd period
0:01 of 3rd period - Nicklas Backstrom wins face-off versus Nathan MacKinnon in neutral zone.
0:55 of 3rd period - Slapshot by Bobby Ryan.
0:55 of 3rd period - Stopped by Carey Price without a rebound.
0:56 of 3rd period - Cody Hodgson wins face-off versus Nathan MacKinnon in Blues zone.
0:57 of 3rd period - Slapshot by Blake Pietila.
0:57 of 3rd period - Shot Misses the Net.
1:01 of 3rd period - Slapshot by Bobby Ryan.
1:01 of 3rd period - Shot Misses the Net.
1:19 of 3rd period - Nikolaj Ehlers is hit by Alexei Marchenko and loses puck.
1:24 of 3rd period - Slapshot by Blake Pietila.
1:24 of 3rd period - Stopped by Carey Price without a rebound.
1:25 of 3rd period - Adam Henrique wins face-off versus Nicklas Backstrom in Blues zone.
1:27 of 3rd period - Icing by William Nylander.
1:28 of 3rd period - Adam Henrique wins face-off versus Nicklas Backstrom in Blues zone.
1:43 of 3rd period - Wrist shot by Adam Henrique.
1:43 of 3rd period - Stopped by Chet Pickard without a rebound.
1:44 of 3rd period - Joe Colborne wins face-off versus Nathan MacKinnon in Capitals zone.
1:44 of 3rd period - Joe Colborne is hit by Nathan MacKinnon.
1:52 of 3rd period - Snap shot by Steve Downie.
1:52 of 3rd period - Shot Hit the Post.
1:54 of 3rd period - Snap shot by Mike Green.
1:54 of 3rd period - Stopped by Carey Price without a rebound.
1:55 of 3rd period - Nicklas Backstrom wins face-off versus Filip Forsberg in Blues zone.
2:00 of 3rd period - Wrist shot by Taylor Hall.
2:00 of 3rd period - Shot Blocked by Filip Forsberg.
2:56 of 3rd period - Snap shot by Nathan MacKinnon.
2:56 of 3rd period - Shot Misses the Net.
2:58 of 3rd period - Wrist shot by Nikolaj Ehlers.
2:58 of 3rd period - Deflect By Filip Forsberg.
2:58 of 3rd period - Stopped by Chet Pickard with a rebound.
3:00 of 3rd period - Snap shot by Cody Ceci.
3:00 of 3rd period - Goal by Cody Ceci - Capitals : 1 - Blues : 4.
3:01 of 3rd period - Adam Henrique wins face-off versus Nicklas Backstrom in neutral zone.
3:11 of 3rd period - Wrist shot by Nicklas Backstrom.
3:11 of 3rd period - Stopped by Carey Price with a rebound.
3:39 of 3rd period - Wrist shot by Patrick Kane.
3:39 of 3rd period - Stopped by Carey Price without a rebound.
3:40 of 3rd period - Joe Colborne wins face-off versus Devin Shore in Blues zone.
4:05 of 3rd period - Cody Hodgson is hit by Nikolaj Ehlers and loses puck.
4:41 of 3rd period - Off-side.
4:42 of 3rd period - Adam Henrique wins face-off versus Nicklas Backstrom in neutral zone.
4:57 of 3rd period - Snap shot by Adam Henrique.
4:57 of 3rd period - Stopped by Chet Pickard with a rebound.
4:59 of 3rd period - Slapshot by Will Butcher.
4:59 of 3rd period - Shot Blocked by Brandon Gormley.
6:26 of 3rd period - Cody Franson is hit by Mike Green and loses puck.
6:37 of 3rd period - Wrist shot by Jujhar Khaira.
6:37 of 3rd period - Stopped by Carey Price without a rebound.
6:38 of 3rd period - Joe Colborne wins face-off versus Nathan MacKinnon in Blues zone.
7:57 of 3rd period - Snap shot by Mike Green.
7:57 of 3rd period - Shot Blocked by Drew Shore.
8:02 of 3rd period - Off-side.
8:03 of 3rd period - Nicklas Backstrom wins face-off versus Nikolaj Ehlers in neutral zone.
8:30 of 3rd period - Travis Sanheim is hit by Blake Pietila and loses puck.
8:41 of 3rd period - Bobby Ryan is hit by Brandon Montour and loses puck.
8:56 of 3rd period - Steve Downie is hit by David Perron and loses puck.
9:17 of 3rd period - Luke Glendening is hit by Jeff Skinner and loses puck.
9:24 of 3rd period - Brandon Burlon is hit by Drew Shore.
9:44 of 3rd period - Off-side.
9:45 of 3rd period - Adam Henrique wins face-off versus Nicklas Backstrom in neutral zone.
10:00 of 3rd period - Slapshot by Patrick Kane.
10:00 of 3rd period - Stopped by Carey Price with a rebound.
10:02 of 3rd period - Slapshot by Mike Green.
10:02 of 3rd period - Shot Misses the Net.
10:12 of 3rd period - Blake Pietila is hit by Will Butcher and loses puck.
10:35 of 3rd period - Snap shot by Nick Schmaltz.
10:35 of 3rd period - Stopped by Chet Pickard with a rebound.
10:37 of 3rd period - Slapshot by Devin Shore.
10:37 of 3rd period - Shot Blocked by Mike Green.
11:24 of 3rd period - Snap shot by Nathan MacKinnon.
11:24 of 3rd period - Shot Blocked by Martin Marincin.
11:26 of 3rd period - Snap shot by Nikolaj Ehlers.
11:26 of 3rd period - Stopped by Chet Pickard without a rebound.
11:27 of 3rd period - Nicklas Backstrom wins face-off versus Nathan MacKinnon in Capitals zone.
11:31 of 3rd period - Off-side.
11:32 of 3rd period - Nathan MacKinnon wins face-off versus Nicklas Backstrom in neutral zone.
11:34 of 3rd period - Minor Penalty to Nikolaj Ehlers for High sticking.
11:35 of 3rd period - Taylor Hall wins face-off versus Drew Shore in Blues zone.
11:37 of 3rd period - Snap shot by Nicklas Backstrom.
11:37 of 3rd period - Stopped by Carey Price with a rebound.
12:07 of 3rd period - Wrist shot by Bobby Ryan.
12:07 of 3rd period - Goal by Bobby Ryan - Capitals : 2 - Blues : 4.
12:08 of 3rd period - Nicklas Backstrom wins face-off versus Nathan MacKinnon in neutral zone.
12:44 of 3rd period - Snap shot by Marko Dano.
12:44 of 3rd period - Shot Blocked by Brandon Gormley.
13:01 of 3rd period - Snap shot by Jeff Skinner.
13:01 of 3rd period - Stopped by Carey Price with a rebound.
13:03 of 3rd period - Slapshot by Brandon Burlon.
13:03 of 3rd period - Shot Blocked by Marko Dano.
13:05 of 3rd period - Slapshot by Phil Kessel.
13:05 of 3rd period - Stopped by Carey Price with a rebound.
13:07 of 3rd period - Snap shot by Phil Kessel.
13:07 of 3rd period - Shot Misses the Net.
13:25 of 3rd period - Wrist shot by Nick Schmaltz.
13:25 of 3rd period - Shot Blocked by Brandon Burlon.
13:27 of 3rd period - Slapshot by David Perron.
13:27 of 3rd period - Shot Misses the Net.
13:29 of 3rd period - Snap shot by Devin Shore.
13:29 of 3rd period - Deflect By Nick Schmaltz.
13:29 of 3rd period - Shot Misses the Net.
13:29 of 3rd period - Puck is out of play.
13:30 of 3rd period - Taylor Hall wins face-off versus Nathan MacKinnon in Capitals zone.
14:22 of 3rd period - Cody Franson is hit by Bobby Ryan and loses puck.
14:31 of 3rd period - Slapshot by Travis Sanheim.
14:31 of 3rd period - Stopped by Chet Pickard without a rebound.
14:32 of 3rd period - Nikolaj Ehlers wins face-off versus Jujhar Khaira in Capitals zone.
14:47 of 3rd period - Wrist shot by Filip Forsberg.
14:47 of 3rd period - Shot Blocked by Alexei Marchenko.
15:15 of 3rd period - Cody Franson is hit by Alexei Marchenko.
15:22 of 3rd period - Icing by Cody Hodgson.
15:23 of 3rd period - Devin Shore wins face-off versus Blake Pietila in Capitals zone.
15:34 of 3rd period - Devin Shore is hit by Cody Hodgson and loses puck.
16:39 of 3rd period - Wrist shot by Phil Kessel.
16:39 of 3rd period - Stopped by Carey Price with a rebound.
17:39 of 3rd period - Martin Marincin is hit by Marko Dano and loses puck.
18:18 of 3rd period - Off-side.
18:19 of 3rd period - Blake Pietila wins face-off versus Nathan MacKinnon in neutral zone.
18:42 of 3rd period - Bobby Ryan is hit by Nathan MacKinnon and loses puck.
19:43 of 3rd period - Blake Pietila is hit by Travis Sanheim and loses puck.
Goals for this period are 1 for Capitals vs 1 for Blues.
Shots for this period are 12 for Capitals vs 7 for Blues.